 Dungeon Crawl Stone Soup version 0.22-a0-252-gcace5d2 (webtiles) character file.

810 torrenera the Charmwright (level 7, -17/56 HPs)
             Began as a Gnoll Skald on Mar 2, 2018.
             Demolished by an ogre
             ... wielding a +0 giant spiked club
              (31 damage)
             ... on level 5 of the Dungeon.
             The game lasted 00:17:39 (5524 turns).

torrenera the Charmwright (Gnoll Skald)             Turns: 5524, Time: 00:17:39

Health: -17/56     AC:  8    Str: 13    XL:     7   Next: 92%
Magic:  9/15       EV: 15    Int: 17    God:
Gold:   231        SH:  0    Dex: 15    Spells: 6/17 levels left

rFire    . . .     SeeInvis .   a - +0 falchion
rCold    . . .     Gourm    .   (no shield)
rNeg     . . .     Faith    .   b - +0 leather armour
rPois    .         Spirit   .   q - +1 hat
rElec    .         Reflect  .   t - +0 cloak
rCorr    .         Harm     .   (no gloves)
MR       .....                  m - +0 pair of boots
Stlth    ++........             (no amulet)
HPRegen  0.18/turn              (no ring)
MPRegen  0.14/turn              (no ring)

@: infused
A: distributed training, fangs 1, iridescent scales 1, sense surroundings 1,
MP-powered wands, strong nose
a: no special abilities


You were on level 5 of the Dungeon.
You were not hungry.

You visited 1 branch of the dungeon, and saw 5 of its levels.

You collected 231 gold pieces.

Inventory:

Hand Weapons
 a - a +0 falchion (weapon)
 c - a +0 dagger of freezing
 k - a +0 blowgun
 y - a +1 dagger of draining
Missiles
 j - 52 arrows
 p - 198 stones (quivered)
 u - 31 poisoned needles
Armour
 b - a +0 leather armour (worn)
 h - a +0 robe of positive energy
 i - a +0 plate armour
 m - a +0 pair of boots (worn)
 q - a +1 hat (worn)
 t - a +0 cloak (worn)
Jewellery
 e - an uncursed amulet of guardian spirit {unknown}
 f - an uncursed ring of poison resistance {unknown}
Wands
 s - a wand of paralysis (14)
Scrolls
 g - a scroll of blinking {unknown}
 l - 7 scrolls of identify {unknown}
 n - a scroll of fear {unknown}
 v - 3 scrolls of enchant armour {unknown}
 w - 2 scrolls of remove curse {unknown}
 x - a scroll of enchant weapon {unknown}
 A - a scroll of magic mapping {unknown}
Potions
 o - a potion of resistance
 r - 2 potions of mutation
 z - 2 potions of magic
 B - a potion of might
Comestibles
 d - 7 rations
 C - 2 chunks of flesh


   Skills:
 + Level 5.4 Fighting
 + Level 2.7 Short Blades
 + Level 5.4 Long Blades
 + Level 2.7 Axes
 + Level 2.7 Maces & Flails
 + Level 2.7 Polearms
 + Level 2.7 Staves
 + Level 2.7 Slings
 + Level 2.7 Bows
 + Level 2.7 Crossbows
 + Level 2.7 Throwing
 + Level 3.8 Armour
 + Level 5.4 Dodging
 + Level 2.7 Stealth
 + Level 2.7 Shields
 + Level 2.7 Unarmed Combat
 + Level 5.7 Spellcasting
 + Level 2.2 Conjurations
 + Level 2.2 Hexes
 + Level 5.9 Charms
 + Level 2.2 Summonings
 + Level 2.2 Necromancy
 + Level 2.2 Translocations
 + Level 2.2 Transmutations
 + Level 2.2 Fire Magic
 + Level 2.2 Ice Magic
 + Level 2.2 Air Magic
 + Level 2.2 Earth Magic
 + Level 2.2 Poison Magic
 + Level 3.0 Invocations
 + Level 2.7 Evocations


You had 6 spell levels left.
You knew the following spells:

 Your Spells              Type           Power        Failure   Level  Hunger
a - Infusion              Chrm           ####         1%          1    None
b - Shroud of Golubria    Chrm/Tloc      ###.......   4%          2    #......
c - Song of Slaying       Chrm           ####....     1%          2    #......
d - Regeneration          Chrm/Necr      ###.......   9%          3    ##.....
e - Spectral Weapon       Hex/Chrm       ###.....     9%          3    ##.....


Dungeon Overview and Level Annotations

Branches:
Dungeon (5/15)             Temple (0/1) D:4

Altars:
Elyvilon
Makhleb
Qazlal
Ru
Sif Muna
Wu Jian

Shops:
D:4 (

Annotations:
D:2 Sigmund


Innate Abilities, Weirdness & Mutations

Your experience applies equally to all skills.
You have very sharp teeth.
Your uncanny sense of smell can sniff out nearby items.
You are partially covered in iridescent scales. (AC +2)
You passively map a small area around you.
You expend magic power (3 MP) to strengthen your wands.


Message History

You start resting.
Casting: Infusion (safe; 1% risk of failure)
Confirm with . or Enter, or press ? or * to list all spells.
You begin infusing your attacks with magical energy.
Casting: Infusion (safe; 1% risk of failure)
Confirm with . or Enter, or press ? or * to list all spells.
Space distorts slightly along a thin shroud covering your body.
You hit the ogre.
The ogre is lightly wounded.
The ogre hits you with a giant spiked club!!
You hit the ogre. You bite the ogre, but do no damage.
The ogre is moderately wounded.
The ogre hits you with a giant spiked club!!
* * * LOW HITPOINT WARNING * * *
Your shroud falls apart!
You hit the ogre.
The ogre is heavily wounded.
The ogre hits you with a giant spiked club!!
Ouch! That really hurt!
You die...

##.#...#.......#
,* , , *..>.##
#.....## , *#..##
#......#### ,
#.........# ,,
#.....###.####...
#.....###........
,
#..........####..
* ,
######.O........
, , * #<@........
#..().......
#######..... ,
..... * #####*


You could see an ogre.

Vanquished Creatures
  An ogre (D:5)
  A howler monkey (D:4)
  2 crimson imps (D:5)
  2 hounds (D:5)
  4 orc priests
  Jessica (D:2)
  An iguana (D:4)
  3 orc wizards
  Terence (D:2)
  5 worker ants
  5 adders
  2 gnolls (D:4)
  2 worms (D:2)
  2 dart slugs (D:3)
  5 leopard geckos
  12 orcs
  A ball python (D:1)
  10 bats
  7 giant cockroaches
  7 goblins
  8 hobgoblins
  3 jackals (D:4)
  2 quokkas
  4 frilled lizards
  8 kobolds
  A leopard gecko skeleton (D:5)
  8 rats
108 creatures vanquished.

Notes
Turn   | Place    | Note
-------+----------+-------------------------------------------
     0 | D:1      | torrenera the Gnoll Skald began the quest for the Orb.
     0 | D:1      | Reached XP level 1. HP: 20/20 MP: 6/6
   135 | D:1      | Reached XP level 2. HP: 26/26 MP: 7/7
   139 | D:1      | Learned a level 2 spell: Shroud of Golubria
   142 | D:1      | Learned a level 2 spell: Song of Slaying
   706 | D:1      | Reached XP level 3. HP: 28/31 MP: 9/9
   711 | D:1      | Learned a level 3 spell: Regeneration
   862 | D:2      | Noticed Jessica
   871 | D:2      | Killed Jessica
   871 | D:2      | Reached skill level 5 in Spellcasting
   871 | D:2      | Reached skill level 1 in Invocations
  1187 | D:2      | Reached skill level 1 in Short Blades
  1187 | D:2      | Reached skill level 1 in Axes
  1187 | D:2      | Reached skill level 1 in Maces & Flails
  1187 | D:2      | Reached skill level 1 in Polearms
  1187 | D:2      | Reached skill level 1 in Staves
  1187 | D:2      | Reached skill level 1 in Slings
  1187 | D:2      | Reached skill level 1 in Bows
  1187 | D:2      | Reached skill level 1 in Crossbows
  1187 | D:2      | Reached skill level 1 in Throwing
  1187 | D:2      | Reached skill level 1 in Stealth
  1187 | D:2      | Reached skill level 1 in Shields
  1187 | D:2      | Reached skill level 1 in Unarmed Combat
  1187 | D:2      | Reached skill level 1 in Evocations
  1267 | D:2      | Noticed Sigmund
  1304 | D:2      | Found a sacrificial altar of Ru.
  1311 | D:2      | Reached XP level 4. HP: 38/38 MP: 6/11
  2141 | D:2      | Reached skill level 1 in Conjurations
  2141 | D:2      | Reached skill level 1 in Hexes
  2141 | D:2      | Reached skill level 1 in Summonings
  2141 | D:2      | Reached skill level 1 in Necromancy
  2141 | D:2      | Reached skill level 1 in Translocations
  2141 | D:2      | Reached skill level 1 in Transmutations
  2141 | D:2      | Reached skill level 1 in Fire Magic
  2141 | D:2      | Reached skill level 1 in Ice Magic
  2141 | D:2      | Reached skill level 1 in Air Magic
  2141 | D:2      | Reached skill level 1 in Earth Magic
  2141 | D:2      | Reached skill level 1 in Poison Magic
  2196 | D:2      | Noticed Terence
  2210 | D:2      | Killed Terence
  2210 | D:2      | Reached XP level 5. HP: 28/43 MP: 2/12
  2383 | D:3      | Found a burning altar of Makhleb.
  2383 | D:3      | Found an ornate altar of the Wu Jian Council.
  2393 | D:3      | Found a white marble altar of Elyvilon.
  2397 | D:3      | Found a faded altar of an unknown god.
  2399 | D:3      | Found a deep blue altar of Sif Muna.
  2552 | D:3      | Found a stormy altar of Qazlal.
  2553 | D:3      | Noticed a fire elemental
  2553 | D:3      | Noticed a water elemental
  2553 | D:3      | Noticed an air elemental
  2595 | D:3      | Gained mutation: You expend magic power (3 MP) to strengthen your wands. [potion of mutation]
  2595 | D:3      | Gained mutation: You passively map a small area around you. [potion of mutation]
  2595 | D:3      | Gained mutation: You are partially covered in iridescent scales. (AC +2) [potion of mutation]
  2645 | D:3      | Learned a level 3 spell: Spectral Weapon
  2697 | D:3      | Paralysed by an orc priest for 3 turns
  3422 | D:3      | Reached XP level 6. HP: 50/50 MP: 13/13
  3493 | D:4      | Reached skill level 5 in Fighting
  3493 | D:4      | Reached skill level 5 in Long Blades
  3493 | D:4      | Reached skill level 5 in Dodging
  3809 | D:4      | Found Kies's Weapon Shop.
  3968 | D:4      | Reached XP level 7. HP: 55/56 MP: 3/15
  4148 | D:4      | Found a staircase to the Ecumenical Temple.
  4708 | D:5      | Entered Level 5 of the Dungeon
  5524 | D:5      | Demolished by an ogre

Vault maps used:
D:1:      mrwooster_arrival_statue
D:2:      old_standard_altar, first_ration, uniq_sigmund, uniq_jessica,
          uniq_terence
D:3:      chequers_temple_overflow_minitemple, nicolae_qazlal_style_of_elements
D:4:      minmay_temple_entry_statues_pillars, serial_shops,
          nicolae_shop_crystal
D:5:      dancing_weapons_uskayaw

Skill      XL: |  1  2  3  4  5  6  7 |
---------------+----------------------+-----
Spellcasting   | 5 |  5.7
Invocations    | 1 2 3 |  3.0
Short Blades   | 1 2 |  2.7
Axes           | 1 2 |  2.7
Maces & Flails | 1 2 |  2.7
Polearms       | 1 2 |  2.7
Staves         | 1 2 |  2.7
Slings         | 1 2 |  2.7
Bows           | 1 2 |  2.7
Crossbows      | 1 2 |  2.7
Throwing       | 1 2 |  2.7
Stealth        | 1 2 |  2.7
Shields        | 1 2 |  2.7
Unarmed Combat | 1 2 |  2.7
Evocations     | 1 2 |  2.7
Conjurations   | 1 2 |  2.2
Hexes          | 1 2 |  2.2
Summonings     | 1 2 |  2.2
Necromancy     | 1 2 |  2.2
Translocations | 1 2 |  2.2
Transmutations | 1 2 |  2.2
Fire Magic     | 1 2 |  2.2
Ice Magic      | 1 2 |  2.2
Air Magic      | 1 2 |  2.2
Earth Magic    | 1 2 |  2.2
Poison Magic   | 1 2 |  2.2
Armour         | 3 |  3.8
Fighting       | 5 |  5.4
Long Blades    | 5 |  5.4
Dodging        | 5 |  5.4
Charms         | |  5.9

Action                   |  1- 3 |  4- 6 |  7- 9 || total
-------------------------+-------+-------+-------++-------
Melee: Falchion          |    67 |   203 |   126 ||   396
       Bite              |     5 |    26 |    20 ||    51
       Punch             |       |     1 |     4 ||     5
Throw: Stone             |       |     5 |     2 ||     7
 Cast: Infusion          |     3 |     7 |     4 ||    14
       Shroud of Golubri |       |     6 |     5 ||    11
       Song of Slaying   |       |     1 |     2 ||     3
       Regeneration      |       |     6 |     5 ||    11
       Spectral Weapon   |       |       |     5 ||     5
  Use: Potion            |       |     5 |       ||     5
 Stab: Sleeping          |     2 |     2 |     1 ||     5
  Eat: Chunk             |     1 |    10 |     6 ||    17
Armor: Leather armour    |    19 |    47 |    40 ||   106
Dodge: Dodged            |    48 |   153 |   107 ||   308
       Rpst.: Falchion   |    13 |    44 |    31 ||    88

Table legend:
 A = Spawn XP
 B = Non-spawn XP
 C = Spawn XP percentage of total XP
 D = Spawn monster count
 E = Non-spawn monster count
 F = Spawn count percentage of total count
 G = Total turns spent on level
                    A         B        C        D         E        F      G
               +---------+---------+-------+---------+---------+-------+---------
         Total |       0 |    1158 |   0.0 |       0 |     108 |   0.0 |  5524
               +---------+---------+-------+---------+---------+-------+---------
           D:1 |       0 |      34 |   0.0 |       0 |      20 |   0.0 |   828
           D:2 |       0 |     151 |   0.0 |       0 |      27 |   0.0 |  1500
           D:3 |       0 |     145 |   0.0 |       0 |      24 |   0.0 |  1165
           D:4 |       0 |     335 |   0.0 |       0 |      21 |   0.0 |  1697
           D:5 |       0 |     493 |   0.0 |       0 |      16 |   0.0 |   334
               +---------+---------+-------+---------+---------+-------+---------
